 Dungeon Crawl Stone Soup version 0.30-a0-956-gcec3b41aec (webtiles) character file.

Game seed: 16488628248927652651

392185 Khashishi the Meteorologist (level 23, -16/117 (121) HPs)
             Began as a Tengu Air Elementalist on Mar 28, 2023.
             Was the Champion of Hepliaklqana.
             Killed from afar by a titan (45 damage)
             ... with a bolt of lightning
             ... on level 5 of the Vaults on Mar 30, 2023.
             The game lasted 07:33:24 (52040 turns).

Khashishi the Meteorologist (TeAE)                 Turns: 52040, Time: 07:33:24

HP:   -16/117 (121) AC: 17    Str: 10    XL:     23   Next: 12%
MP:   51/51         EV: 20    Int: 25    God:    Hepliaklqana [******]
Gold: 3561          SH: 20    Dex: 18    Spells: 5/51 levels left

rFire   + + +      SeeInvis .    W - staff of conjuration
rCold   + + +      Faith    .    m - +2 shield of Resistance {rF++ rC++ Will++}
rNeg    + . .      Spirit   .    J - +4 troll leather armour {Snorg}
rPois   +          Reflect  +    d - +2 hat
rElec   .          Rampage  .    X - +2 cloak {rCorr}
rCorr   +                        o - +2 pair of gloves {Dex+3}
Will    +++..                    (boots unavailable)
Stlth   ++++                     H - amulet "Icag" {Reflect rF+ rC++ SH+5 Stlth+}
HPRegen 1.19/turn                B - ring of magical power
MPRegen 0.32/turn                S - ring "Tythry" {Wiz *Corrode rPois rC+ rN+}

@: flying quickly and evasively, studying 2 skills, lightly drained, quick
A: reduced essence, beak, talons 3, nimble flight
}: 2/15 runes: decaying, gossamer
a: Renounce Religion, Recall Ancestor, Ancestor Identity, Transference, Idealise


You were on level 5 of the Vaults.
You worshipped Hepliaklqana.
Hepliaklqana was exalted by your worship.
You visited 8 branches of the dungeon, and saw 39 of its levels.
You also visited: Sewer, Ice Cave, Volcano and Desolation.

You collected 5758 gold pieces.
You spent 2197 gold pieces at shops.

Inventory:

Hand Weapons
 u - the +2 hand axe "Xirin" {freeze, rN++ Str+3}
   (You found it on level 1 of the Vaults)

   Str:       It affects your strength (+3).
   rN:        It greatly protects you from negative energy.
Missiles
 q - 5 curare-tipped darts
Armour
 d - a +2 hat (worn)
 m - the +2 shield of Resistance (worn) {rF++ rC++ Will++}
   (You found it on level 1 of the Lair of Beasts)

   rF:        It greatly protects you from fire.
   rC:        It greatly protects you from cold.
   Will:      It greatly increases your willpower.
 o - a +2 pair of gloves of dexterity (worn)
 J - a +4 troll leather armour (worn) {Snorg}
 X - a +2 cloak of preservation (worn)
Magical Staves
 W - a staff of conjuration (weapon)
Jewellery
 B - a ring of magical power (left hand)
 H - the amulet "Icag" (around neck) {Reflect rF+ rC++ SH+5 Stlth+}
   (You found it on level 1 of the Swamp)

   [amulet of reflection]

   It reflects blocked missile attacks.
   rF:        It protects you from fire.
   rC:        It greatly protects you from cold.
   SH:        It affects your SH (+5).
   Stlth:     It makes you more stealthy.
 I - a ring of willpower
 K - a ring of protection from fire
 S - the ring "Tythry" (right hand) {Wiz *Corrode rPois rC+ rN+}
   (You bought it in a shop on level 1 of the Orcish Mines)

   [ring of wizardry]

   It improves your spell success rate.
   rC:        It protects you from cold.
   rPois:     It protects you from poison.
   rN:        It protects you from negative energy.
   *Corrode:  It may corrode you when you take damage.
 U - the ring of the Archfiend {rCorr Int+6 Stlth-}
   (You found it in the Desolation of Salt)

   [ring of resist corrosion]

   Int:       It affects your intelligence (+6).
   rCorr:     It protects you from acid and corrosion.
   Stlth:     It makes you less stealthy.
Wands
 a - a wand of iceblast (25)
 h - a wand of light (4)
 j - a wand of paralysis (22)
 O - a wand of mindburst (35)
 Y - a wand of digging (9)
Scrolls
 g - 8 scrolls of immolation
 i - 19 scrolls of identify
 l - 22 scrolls of teleportation
 n - 5 scrolls of poison
 s - 2 scrolls of silence
 t - a scroll of magic mapping
 y - 6 scrolls of fog
 D - 4 scrolls of summoning
 E - 5 scrolls of fear
 M - 7 scrolls of blinking
 Q - 4 scrolls of vulnerability
Potions
 b - 4 potions of magic
 c - 9 potions of mutation
 e - 29 potions of curing
 f - 2 potions of might
 k - 10 potions of attraction
 r - 3 potions of berserk rage
 v - 2 potions of brilliance
 x - 5 potions of haste
 z - a potion of invisibility
 A - 11 potions of heal wounds
 C - 3 potions of ambrosia
 L - 6 potions of lignification
 R - 3 potions of cancellation
Miscellaneous
 p - a lightning rod (4/4)
 w - a box of beasts
 F - a phantom mirror (inert)
 G - a tin of tremorstones (2/2)
 T - a condenser vane
 Z - a phial of floods


   Skills:
 + Level 11.2 Fighting
 + Level 11.3 Staves
 + Level 6.4 Armour
 + Level 10.6 Dodging
 - Level 4.0 Stealth
 - Level 13.4 Shields
 + Level 14.9 Spellcasting
 O Level 27 Conjurations
 - Level 5.0 Fire Magic
 O Level 27 Air Magic
 - Level 6.0 Invocations
 - Level 4.0 Evocations


You had 5 spell levels left.
You knew the following spells:

 Your Spells              Type           Power      Damage    Failure   Level
a - Shock                 Conj/Air       100%       1d9       0%          1
b - Static Discharge      Conj/Air       100%       2-7/arc   0%          2
c - Iskenderun's Battles  Conj           100%       2d15      0%          5
d - Airstrike             Air            50%        2d(8-24)  0%          4
e - Conjure Ball Lightni  Conj/Air       62%        3x3d22    0%          6
f - Arcjolt               Conj/Air       62%        1d72      0%          5
g - Vhi's Electric Charg  Tloc/Air       100%       N/A       1%          3
m - Maxwell's Capacitive  Air            50%        ∞         1%          8
B - Plasma Beam           Fire/Air       39%        2x1d38    1%          5
Z - Orb of Destruction    Conj           62%        9d15      1%          7

Your spell library contained the following spells:

 Spells                   Type           Power      Damage    Failure   Level
 Swiftness                Air            100%       N/A       0%          3
 Poisonous Vapours        Pois/Air       100%       N/A       1%          2
 Hailstorm                Conj/Ice       92%        3d18      1%          3
 Kindle Blastsparks       Fire/Tloc/Air  100%       2d18      1%          3
 Stone Arrow              Conj/Erth      100%       3d13      1%          3
 Fulminant Prism          Conj/Hex       46%        3d21      1%          4
 Iskenderun's Mystic Bla  Conj/Tloc      92%        2d18      1%          4
 Sticky Flame             Conj/Fire      99%        2d11      1%          4
 Summon Lightning Spire   Summ/Air       72%        N/A       1%          4
 Fireball                 Conj/Fire      49%        3d19      1%          5
 Freeze                   Ice            72%        1d8       3%          1
 Necrotise                Necr           72%        1d7       3%          1
 Summon Small Mammal      Summ           72%        N/A       3%          1
 Inner Flame              Hex/Fire       31%        N/A       3%          3
 Call Imp                 Summ           18%        N/A       4%          2
 Ensorcelled Hibernation  Hex/Ice        36%        N/A       4%          2
 Lesser Beckoning         Tloc           36%        N/A       4%          2
 Call Canine Familiar     Summ           18%        N/A       9%          3
 Frozen Ramparts          Ice            36%        1d6       9%          3
 Gell's Gravitas          Tloc           18%        N/A       9%          3
 Portal Projectile        Hex/Tloc       36%        N/A       9%          3
 Spider Form              Tmut/Pois      18%        N/A       9%          3
 Summon Guardian Golem    Hex/Summ       18%        N/A       9%          3
 Teleport Other           Tloc           18%        N/A       9%          3
 Tukima's Dance           Hex            18%        N/A       9%          3
 Vampiric Draining        Necr           18%        2d7       9%          3
 Anguish                  Hex/Necr       9%         N/A       28%         4
 Animate Armour           Summ/Erth      36%        N/A       28%         4
 Animate Dead             Necr           18%        N/A       28%         4
 Ice Form                 Ice/Tmut       18%        N/A       28%         4
 Olgreb's Toxic Radiance  Pois           18%        N/A       28%         4
 Summon Ice Beast         Ice/Summ       18%        N/A       28%         4
 Agony                    Necr           18%        N/A       58%         5
 Blade Hands              Tmut           9%         N/A       58%         5
 Borgnjor's Vile Clutch   Necr/Erth      9%         N/A       58%         5
 Lee's Rapid Deconstruct  Erth           9%         3d7*      58%         5
 Summon Forest            Summ/Tloc      9%         N/A       58%         5
 Summon Mana Viper        Hex/Summ       18%        N/A       58%         5
 Iron Shot                Conj/Erth      46%        9d9       1%          6
 Lehudib's Crystal Spear  Conj/Erth      46%        10d11     56%         8
 Death Channel            Necr           9%         N/A       98%         6
 Dispersal                Tloc           9%         N/A       98%         6
 Simulacrum               Ice/Necr       9%         N/A       98%         6
 Statue Form              Tmut/Erth      12%        N/A       98%         6
 Summon Cactus Giant      Summ           9%         N/A       98%         6
 Malign Gateway           Summ/Tloc      9%         N/A       100%        7
 Monstrous Menagerie      Summ           9%         N/A       100%        7
 Ozocubu's Refrigeration  Ice            9%         4d9       100%        7
 Borgnjor's Revivificati  Necr           9%         N/A       100%        8
 Discord                  Hex            9%         N/A       100%        8
 Disjunction              Tloc           9%         N/A       100%        8
 Ignition                 Fire           21%        3d8       100%        8
 Necromutation            Tmut/Necr      9%         N/A       100%        8
 Summon Horrible Things   Summ           9%         N/A       100%        8
 Death's Door             Necr           9%         N/A       100%        9
 Dragon's Call            Summ           9%         N/A       100%        9


Dungeon Overview and Level Annotations

Branches:
Dungeon (15/15)            Temple (1/1) D:6            Lair (5/5) D:11
  Swamp (4/4) Lair:3       Spider (4/4) Lair:2        Slime (0/5) Lair:4
    Orc (2/2) D:11            Elf (3/3) Orc:2        Vaults (5/5) D:14
  Crypt (0/3) Vaults:2     Depths (0/4) D:15          Sewer (visited)
  IceCv (visited)         Volcano (visited)         Desolation (visited)

Altars:
Ashenzari
Cheibriados
Dithmenos
Elyvilon
Fedhas
Gozag
Hepliaklqana
Kikubaaqudgha
Makhleb
Nemelex Xobeh
Okawaru
Qazlal
Ru
Sif Muna
Trog
Uskayaw
Vehumet
Wu Jian
Xom
Yredelemnul
Zin
The Shining One
Jiyva

Shops:
Orc:1 =   Orc:2 (?[**(!?   Elf:2 ((**   Elf:3 **[[

Annotations:
Vaults:4 2 transporters


Innate Abilities, Weirdness & Mutations

Your life essence is reduced to manifest your ancestor. (-10% HP)
You have a beak for a mouth.
You have claws for feet.
Your magical nature lets you fly swiftly and evasively.


Message History

The shining eye changes into a merfolk!
The manticore flicks its tail.
The volley of spikes misses you.
The yaktaur captain shoots a bolt.
You reflect the bolt off an invisible shield around you!
The bolt hits the yaktaur captain!
The yaktaur captain shoots a bolt.
You reflect the bolt off an invisible shield around you!
The bolt hits the yaktaur captain!
You fly upwards.
Level annotation: 2 transporters
There is a stone staircase leading down here.
There is a stone staircase leading down here.
You start resting.
HP restored.
You fly downwards.
The manticore changes into a salamander!
The merfolk changes into a shock serpent!
The yaktaur captain wields a +0 arbalest.
The yaktaur captain shoots a bolt.
You reflect the bolt off an invisible shield around you!
The bolt hits the yaktaur captain!!
The vault sentinel blows a loud note on a signal horn!
The golden dragon breathes fire at you. The bolt of fire hits you. You resist.
The titan waves its arms in wide circles.
The air twists around and strikes you!!
The yaktaur captain shoots a bolt.
The bolt closely misses you.
The bolt hits Sofian!
A stone giant comes into view.
The yaktaur captain shoots a bolt.
The bolt hits you!
The yaktaur captain shoots a bolt.
The bolt hits you!
You hear a roar!
You hear a shout!
You hear a deafening roar!
You hear a horrible gurgling sound!
You hear two shouts!
There is a stone staircase leading up, spattered with blood here.
You hear a horrible gurgling sound!
The shock serpent changes into a lindwurm!
The deep elf annihilator points at you and mumbles some strange words.
The bolt of lightning hits you!!
* * * LOW HITPOINT WARNING * * *
The titan points at you and mumbles some strange words.
The bolt of lightning hits you!!!
You die...

.....#...c#QW.#
....#....#p..#
...C#....#.Q.
......[....N
#####c..[[C..#####
C......[[D.[......
......[[<<.[[....$
......[@^)<.[.....
.....[[R<<.k[[....
#####..([[.e[#####
#.c.....[.[[..#
..÷.#.[[.#.[...
##)÷##...)#[[....
##. #....##.....
#. #....# .....
#....# ...


You could see the friendly Sofian the knight (reflecting), a titan, a golden
dragon, a stone giant, a tengu reaver, 3 yaktaur captains, a deep elf
annihilator, an ettin, a salamander shaped shifter, a vault sentinel, a lindwurm
shaped shifter and a phantasmal warrior.

Vanquished Creatures
  Sojobo (Vaults:5)
  Saint Roka (Vaults:3)
  4 deep elf master archers (Elf:3)
  2 deep elf blademasters (Elf:3)
  A sphinx (Vaults:4)
  The ghost of Apeir the Impaler, an adept MfFi of Hepliaklqana (Spider:3)
  Kirke (Lair:4)
  2 tengu reavers (Vaults:5)
  A storm dragon (Vaults:5)
  3 thorn hunters
  2 fire giants
  2 fenstrider witches
  8 vault wardens
  The ghost of mandoloar the Fighter, a journeyman OgCj of Vehumet (Lair:5)
  4 deep elf sorcerers (Elf:3)
  3 emperor scorpions
  A ghost moth (Spider:2)
  4 imperial myrmidons (Desolation)
  12 ironbound preservers
  2 orc warlords
  A broodmother (Spider:2)
  2 deep elf elementalists (Elf:3)
  7 ironbound thunderhulks
  4 very ugly things
  A stone giant (Vaults:5)
  6 deep elf annihilators (Elf:3)
  2 vampire knights (Swamp:4)
  Nessos (D:13)
  4 deep elf demonologists
  3 eleionomae
  A halazid warlock (Desolation)
  10 dire elephants
  2 spark wasps
  Snorg (D:13)
  5 deep elf death magi
  An ettin (Orc:1)
  A fire dragon (Lair:5)
  A crystal guardian (Vaults:3)
  3 entropy weavers (Vaults:1)
  4 ragged hierophants (Desolation)
  6 deep elf high priests
  3 shambling mangroves (Swamp:4)
  A jiangshi (Vaults:2)
  29 vault guards
  7 great orbs of eyes
  6 peacekeepers
  6 yaktaur captains
  An ice dragon (shapeshifter) (Vaults:2)
  11 hydras
  3 servants of whispers (Desolation)
  Erolcha (D:13)
  3 centaur warriors
  7 ironbound frosthearts
  5 two-headed ogres
  A spriggan air mage (Swamp:3)
  A ghost crab (Swamp:4)
  2 catoblepae
  3 boulder beetles
  A radroach (Spider:4)
  7 alligators
  3 death yaks (D:11)
  A vampire mage (Vaults:2)
  24 dancing weapons
  A tengu warrior (D:13)
  Urug (D:14)
  An orc high priest (Vaults:3)
  2 spriggans
  A spriggan berserker (Swamp:4)
  A soul eater (Vaults:2)
  13 deep elf knights
  A hell knight (Volcano)
  7 skeletal warriors
  3 sun moths
  A fire crab (shapeshifter) (Elf:3)
  5 pharaoh ants
  A salamander mystic (Volcano)
  A goliath frog (Swamp:4)
  4 spriggan druids
  23 deep trolls
  An obsidian statue (Vaults:2)
  10 swamp dragons
  A glowing orange brain (shapeshifter) (Vaults:1)
  A glowing orange brain (Vaults:4)
  4 lindwurms
  An orange crystal statue (IceCv)
  A flayed ghost (D:15)
  4 spectral hydras (Swamp:4)
  16 deep elf archers
  29 deep elf pyromancers
  5 wizards
  6 orb spiders
  A phantasmal warrior (Vaults:2)
  A tengu zombie (D:15)
  30 deep elf zephyrmancers
  A steelbarb worm (Spider:2)
  6 harpies (Vaults:1)
  3 necromancers
  10 ironbound convokers
  20 orc knights
  A sphinx zombie (Vaults:4)
  13 wolf spiders
  7 oklob plants
  2 salamanders (Volcano)
  4 orc sorcerers
  A frost giant zombie (D:15)
  2 will-o-the-wisps (Swamp:2)
  5 manticores
  14 ugly things
  5 guardian serpents (Desolation)
  10 cyclopes
  2 moths of wrath
  5 black mambas
  2 molten gargoyles (Volcano)
  2 elephants (Lair:1)
  11 vault sentinels
  3 demonic crawlers
  A yaktaur zombie (Vaults:4)
  3 torpor snails
  11 cane toads
  2 gargoyles (Volcano)
  4 freezing wraiths
  5 komodo dragons
  14 yaktaurs
  8 rime drakes
  2 tengu conjurers
  An efreet (Volcano)
  A golden dragon simulacrum (IceCv)
  2 hydra zombies (Swamp:4)
  A polar bear (shapeshifter) (Vaults:5)
  2 death drake zombies (Swamp:4)
  6 trolls
  2 tyrant leeches (Swamp:2)
  A tyrant leech (shapeshifter) (Vaults:4)
  2 meliai (Spider:4)
  10 polar bears
  12 hornets
  2 bloated husks
  20 tarantellas
  2 raiju (Lair:5)
  12 blink frogs
  45 saltlings
  A jumping spider (shapeshifter) (D:15)
  2 air elementals (Elf:3)
  A deep troll skeleton (Vaults:4)
  13 culicivoras
  27 slime creatures
  19 jumping spiders
  A shadow (D:12)
  11 humans (D:14)
  6 wraiths
  4 wyverns
  33 yaks
  8 basilisks
  2 hogs (Lair:4)
  14 vampire mosquitoes
  A dire elephant simulacrum (IceCv)
  3 fire elementals
  4 steam dragons
  28 redbacks
  2 acid dragons (D:12)
  9 wargs
  7 water moccasins
  24 swamp worms
  A naga (shapeshifter) (D:13)
  2 hydra simulacra (IceCv)
  Duvessa (D:6)
  6 swamp drakes
  A floating eye (shapeshifter) (Elf:2)
  10 hell hounds (Lair:5)
  Pargi (Sewer)
  An alligator simulacrum (IceCv)
  An ice beast (D:7)
  21 orc warriors
  10 black bears
  A swamp dragon zombie (Swamp:4)
  5 ogres
  17 wolves
  13 centaurs
  A swamp dragon skeleton (Swamp:4)
  4 boggarts (Vaults:1)
  The ghost of billz999 the Chiller, an amateur OpIE (D:3)
  6 bullfrogs
  3 scorpions
  A gnoll sergeant (D:11)
  2 earth elementals
  5 wights (D:8)
  Dowan (D:6)
  A lindwurm simulacrum (IceCv)
  10 killer bees
  16 electric eels
  3 lava snakes (Lair:1)
  25 orc priests
  Crazy Yiuf (D:4)
  3 hounds
  3 jellies
  Jessica (D:2)
  Ijyb (D:5)
  3 sleepcaps
  Natasha (thrice) (D:2)
  4 iguanas
  A hell rat (D:11)
  15 orc wizards
  Robin (D:2)
  6 gnolls
  12 adders
  3 river rats (D:11)
  2 white imps
  2 ufetubi (D:8)
  2 worms
  A dart slug (D:5)
  69 orcs
  8 ball pythons
  10 bats
  6 endoplasms
  3 giant cockroaches
  13 goblins
  11 hobgoblins
  6 quokkas
  6 frilled lizards
  6 kobolds
  A rat (D:1)
  3 briar patches (Swamp:1)
  35 pillars of salt
1356 creatures vanquished.

Vanquished Creatures (collateral kills)
  Arachne (Spider:3)
  Jorgrun (Elf:2)
  A lich (Vaults:1)
  A sphinx (Vaults:1)
  A deep elf sorcerer (Elf:3)
  An imperial myrmidon (Desolation)
  3 ghost moths (Spider:3)
  2 vault wardens
  4 ironbound preservers
  A deep elf elementalist (Elf:3)
  6 very ugly things
  An eleionoma (Swamp:4)
  A deep elf demonologist (Elf:3)
  An ettin (Vaults:5)
  A great orb of eyes (Vaults:4)
  Josephine (Orc:2)
  A yaktaur captain (Vaults:5)
  A shambling mangrove (Swamp:4)
  6 ragged hierophants (Desolation)
  8 hydras
  5 vault guards
  2 peacekeepers (Desolation)
  2 servants of whispers (Desolation)
  A catoblepas (Lair:1)
  A radroach (Spider:1)
  3 alligators
  6 dancing weapons
  A jorogumo (Spider:4)
  2 two-headed ogres
  A tengu warrior (D:13)
  A titan zombie (D:15)
  2 orc high priests
  12 deep elf knights
  A sun moth (Spider:4)
  A death drake (shapeshifter) (Vaults:5)
  A spriggan druid (Swamp:4)
  2 glowing orange brains
  3 pharaoh ants
  A flayed ghost (Swamp:4)
  3 orb spiders (Spider:4)
  10 deep trolls
  3 deep elf archers
  5 swamp dragons
  4 ironbound convokers
  2 harpies (Vaults:1)
  2 steelbarb worms
  A wizard (Vaults:1)
  2 orc knights
  5 deep elf pyromancers
  3 deep elf zephyrmancers
  2 cyclopes (D:13)
  A shadow dragon zombie (Vaults:4)
  9 ugly things
  A will-o-the-wisp (Swamp:3)
  4 wolf spiders
  A moth of wrath (Spider:4)
  2 elephants (Lair:1)
  A frost giant skeleton (D:15)
  2 demonic crawlers
  A black mamba (Lair:5)
  3 vault sentinels
  A molten gargoyle (Desolation)
  4 cane toads
  2 yaktaurs
  2 unseen horrors
  2 komodo dragons
  2 freezing wraiths (Swamp:4)
  A yaktaur skeleton (Vaults:4)
  A meliai (Lair:2)
  A hydra zombie (Swamp:4)
  3 trolls
  A death drake zombie (Swamp:4)
  A meliai (shapeshifter) (Elf:1)
  3 polar bears
  9 tarantellas
  A tyrant leech (Swamp:3)
  4 hornets
  26 saltlings
  3 blink frogs
  8 slime creatures
  6 spriggans
  An air elemental (Elf:2)
  5 culicivoras
  4 jumping spiders
  A water elemental (Elf:1)
  2 wyverns
  5 wraiths
  A basilisk (Lair:2)
  3 fire elementals
  4 humans (D:14)
  11 yaks
  8 redbacks
  4 vampire mosquitoes
  A harpy simulacrum (IceCv)
  4 wargs
  2 swamp worms
  2 ice beasts
  3 hell hounds (Lair:5)
  2 hydra simulacra (Swamp:4)
  2 orc warriors
  2 black bears (Lair:5)
  A swamp drake (Swamp:4)
  8 wolves
  A swamp dragon skeleton (Swamp:4)
  3 centaurs
  3 bullfrogs
  An earth elemental (Elf:2)
  2 wights (D:8)
  A lindwurm simulacrum (IceCv)
  A jelly (Lair:4)
  5 orc priests
  An iguana (Lair:5)
  4 orc wizards
  A centaur simulacrum (D:8)
  A gnoll (D:11)
  3 river rats (D:11)
  5 orcs
  7 briar patches (Swamp:1)
  A pillar of salt (Orc:2)
355 creatures vanquished.

Vanquished Creatures (others)
  2 yaktaur captains
  A deep elf knight (Elf:3)
  An orb spider (Spider:4)
  A wizard (Vaults:4)
  A deep elf pyromancer (Elf:1)
  A spriggan (Swamp:3)
  A human (D:14)
  19 knights
  5 ball lightnings (Vaults:5)
  2 briar patches (Swamp:1)
  A bush (Lair:1)
  12 foxfires (Swamp:2)
  30 fungi
  114 plants
  9 withered plants
200 creatures vanquished.

Grand Total: 1911 creatures vanquished

Notes
Turn   | Place    | Note
-------+----------+-------------------------------------------
     0 | D:1      | Khashishi the Tengu Air Elementalist began the quest for
                  | the Orb.
     0 | D:1      | Reached XP level 1. HP: 10/10 MP: 4/4
   169 | D:1      | Reached XP level 2. HP: 15/15 MP: 1/6
   222 | D:1      | Learned a level 2 spell: Static Discharge
   495 | D:1      | Found a faded altar of an unknown god.
   686 | D:1      | Reached XP level 3. HP: 19/19 MP: 2/7
   997 | D:2      | Noticed Jessica
  1273 | D:2      | Noticed Natasha
  1277 | D:2      | Killed Natasha
  1278 | D:2      | Reached skill level 5 in Air Magic
  1278 | D:2      | Reached XP level 4. HP: 24/24 MP: 3/9
  1473 | D:2      | Noticed Robin
  1542 | D:2      | Killed Robin
  1722 | D:2      | Noticed Natasha
  1728 | D:2      | Killed Natasha
  1790 | D:2      | Killed Jessica
  1791 | D:2      | Gained mutation: Your magical nature lets you fly swiftly
                  | and evasively. [Tengu growth]
  1791 | D:2      | Reached XP level 5. HP: 28/28 MP: 6/10
  1819 | D:2      | Noticed Natasha
  1826 | D:2      | Killed Natasha
  1887 | D:3      | Learned a level 4 spell: Airstrike
  2040 | D:3      | Reached XP level 6. HP: 20/32 MP: 3/12
  2438 | D:3      | Found a large runed translucent door.
  2438 | D:3      | Found a large runed translucent door.
  2442 | D:3      | Noticed billz999's ghost (amateur OpIE)
  2778 | D:3      | Killed billz999's ghost
  2779 | D:3      | Reached skill level 5 in Conjurations
  2898 | D:4      | Noticed a hornet
  2908 | D:4      | Killed a hornet
  2909 | D:4      | Reached XP level 7. HP: 36/36 MP: 5/14
  3493 | D:4      | Found a runed translucent door.
  3494 | D:4      | Noticed Crazy Yiuf
  3500 | D:4      | Killed Crazy Yiuf
  3540 | D:5      | Entered Level 5 of the Dungeon
  3599 | D:5      | Reached skill level 10 in Conjurations
  3599 | D:5      | Reached XP level 8. HP: 41/41 MP: 15/20
  3620 | D:5      | Reached XP level 9. HP: 26/45 MP: 7/21
  4318 | D:5      | Noticed Ijyb
  4318 | D:5      | Paralysed by Ijyb for 3 turns
  4326 | D:5      | Killed Ijyb
  4557 | D:6      | Reached skill level 1 in Fighting
  4557 | D:6      | Reached skill level 1 in Shields
  4559 | D:6      | Found a glowing drain.
  4571 | Sewer    | Entered a sewer
  4594 | Sewer    | Noticed Pargi
  4602 | Sewer    | Killed Pargi
  4689 | D:6      | Reached skill level 1 in Armour
  4709 | D:6      | Found a staircase to the Ecumenical Temple.
  4723 | Temple   | Entered the Ecumenical Temple
  4723 | Temple   | Found a transporter.
  4723 | Temple   | Found a transporter.
  4725 | Temple   | Found a transporter.
  4725 | Temple   | Found a transporter.
  4762 | Temple   | Upgraded the game from 0.30-a0-953-g5f1da4a474 to
                  | 0.30-a0-956-gcec3b41aec
  4767 | Temple   | Became a worshipper of Hepliaklqana the Forgotten
  4849 | D:6      | Noticed Duvessa
  4849 | D:6      | Noticed Dowan
  4851 | D:6      | Killed Dowan
  4860 | D:6      | Killed Duvessa
  5395 | D:7      | Noticed a two-headed ogre
  5413 | D:7      | Killed a two-headed ogre
  5414 | D:7      | Reached skill level 1 in Invocations
  5414 | D:7      | Reached skill level 1 in Evocations
  5502 | D:7      | Reached * piety under Hepliaklqana
  5515 | D:7      | Reached XP level 10. HP: 46/48 MP: 0/22
  6248 | D:6      | Found an iron altar of Okawaru.
  6248 | D:6      | Found a bloodstained altar of Trog.
  6251 | D:6      | Found an ornate altar of the Wu Jian Council.
  6332 | D:8      | Reached ** piety under Hepliaklqana
  6333 | D:8      | Remembered your ancestor Sofian as a knight
  7133 | D:9      | Identified the +2 leather armour of Beogh {Contam Regen+
                  | Str-4 Dex+4}
  7429 | D:9      | Reached XP level 11. HP: 51/54 MP: 5/23
  7530 | D:9      | Learned a level 5 spell: Iskenderun's Battlesphere
  7537 | D:9      | Learned a level 6 spell: Conjure Ball Lightning
  7857 | D:10     | Entered Level 10 of the Dungeon
  8053 | D:10     | Reached *** piety under Hepliaklqana
  8155 | D:10     | Noticed a two-headed ogre
  8937 | D:10     | Killed a two-headed ogre
  8972 | D:11     | Noticed a skeletal warrior
  8972 | D:11     | Noticed a skeletal warrior
  9016 | D:11     | Noticed a skeletal warrior
  9016 | D:11     | Noticed a skeletal warrior
  9016 | D:11     | Noticed a skeletal warrior
  9150 | D:11     | Noticed a death yak
  9150 | D:11     | Noticed a death yak
  9157 | D:11     | Noticed a death yak
  9163 | D:11     | Killed a death yak
  9210 | D:11     | Killed a death yak
  9385 | D:11     | Killed a skeletal warrior
  9512 | D:11     | Killed a death yak
  9682 | D:11     | Noticed a manticore
  9687 | D:11     | Killed a manticore
  9760 | D:11     | Found a staircase to the Orcish Mines.
  9950 | D:11     | Killed a skeletal warrior
  9951 | D:11     | Reached XP level 12. HP: 57/57 MP: 21/26
 10377 | D:11     | Found a staircase to the Lair.
 10458 | Lair:1   | Entered Level 1 of the Lair of Beasts
 10458 | Lair:1   | Found the +2 shield of Resistance {rF++ rC++ Will++}
 10478 | Lair:1   | Noticed a catoblepas
 10485 | Lair:1   | Killed a catoblepas
 10597 | Lair:1   | Reached **** piety under Hepliaklqana
 11004 | Lair:1   | Reached skill level 5 in Shields
 11004 | Lair:1   | Reached skill level 15 in Air Magic
 11336 | Lair:1   | Reached skill level 10 in Spellcasting
 11348 | Lair:1   | Learned a level 7 spell: Orb of Destruction
 11597 | Lair:1   | Reached XP level 13. HP: 61/61 MP: 23/28
 11963 | Lair:2   | Found a hole to the Spider Nest.
 12265 | Lair:2   | Reached ***** piety under Hepliaklqana
 12667 | Lair:3   | Found a dark tunnel.
 12679 | Volcano  | Entered a volcano
 13251 | Volcano  | Noticed an orb of fire
 13267 | Volcano  | Noticed an orb of fire
 13569 | Lair:3   | Reached skill level 15 in Conjurations
 13692 | Lair:3   | Found a staircase to the Swamp.
 14658 | Lair:4   | Reached XP level 14. HP: 66/66 MP: 29/29
 14661 | Lair:4   | Noticed Kirke
 14670 | Lair:4   | Killed Kirke
 14770 | Lair:4   | Found a viscous altar of Jiyva.
 14792 | Lair:4   | Found a staircase to the Slime Pits.
 15587 | Lair:5   | Entered Level 5 of the Lair of Beasts
 15622 | Lair:5   | Reached ****** piety under Hepliaklqana
 16118 | Lair:5   | Reached skill level 5 in Armour
 16326 | Lair:5   | Found a runed translucent door.
 16334 | Lair:5   | Noticed mandoloar's ghost (journeyman OgCj)
 18417 | Lair:5   | Killed mandoloar's ghost
 18554 | Orc:1    | Entered Level 1 of the Orcish Mines
 18636 | Orc:1    | Reached XP level 15. HP: 72/72 MP: 29/30
 18788 | Orc:1    | Found a burning altar of Makhleb.
 18799 | Orc:1    | Found Yjiynul's Jewellery Boutique.
 18995 | Orc:2    | Entered Level 2 of the Orcish Mines
 19315 | Orc:1    | Reached skill level 10 in Shields
 19471 | Orc:2    | Found Cuiton Tao's Assorted Antiques.
 19475 | Orc:2    | Bought a metallic amethyst potion for 20 gold pieces
 19475 | Orc:2    | Bought a metallic amethyst potion for 20 gold pieces
 19884 | Orc:2    | Found Acorgh's Magic Scroll Boutique.
 19988 | Orc:2    | Found Veoplur's Antique Weapon Shop.
 19990 | Orc:2    | Found Illaobot's Distillery.
 20115 | Orc:2    | Found Ifiodghev's General Store.
 20171 | Orc:2    | Found a staircase to the Elven Halls.
 20181 | Orc:2    | Found Zuxtis's Antique Armour Boutique.
 20186 | Orc:2    | Found Keap's Magic Scroll Emporium.
 20190 | Orc:2    | Bought a glowing cloak for 210 gold pieces
 20201 | Orc:2    | Bought a ripped robe for 159 gold pieces
 20201 | Orc:2    | Identified the +0 robe of Untold Secrets {rC+ MP+9} (You
                  | bought it in a shop on level 2 of the Orcish Mines)
 20206 | Orc:2    | Bought a scroll of blinking for 112 gold pieces
 20206 | Orc:2    | Bought a scroll of enchant armour for 112 gold pieces
 20339 | Orc:2    | Noticed Josephine
 20345 | Orc:2    | Killed Josephine
 20413 | Orc:2    | Found Pyuluquz's Antique Weapon Shoppe.
 20757 | Orc:1    | Bought the ring "Tythry" {Wiz *Corrode rPois rC+ rN+} for
                  | 702 gold pieces
 21244 | D:12     | Reached skill level 1 in Staves
 21968 | D:13     | Noticed Erolcha
 21975 | D:13     | Killed Erolcha
 22317 | D:13     | Reached skill level 5 in Invocations
 22359 | D:13     | Noticed Snorg
 22399 | D:13     | Noticed Nessos
 22464 | D:13     | Killed Nessos
 22561 | D:13     | Identified the ring "Susal" {Fire Int+6}
 22896 | D:13     | Killed Snorg
 23092 | D:14     | Noticed Urug
 23092 | D:14     | Found a gate to the Vaults.
 23097 | D:14     | Reached XP level 16. HP: 66/75 MP: 22/31
 23102 | D:14     | Killed Urug
 24503 | D:15     | Entered Level 15 of the Dungeon
 24512 | D:15     | Found a staircase to the Depths.
 25873 | Swamp:1  | Entered Level 1 of the Swamp
 25916 | Swamp:1  | Found a transporter.
 25929 | Swamp:1  | Found a frozen archway.
 25973 | IceCv    | Entered an ice cave
 26121 | IceCv    | Found a transporter.
 26137 | IceCv    | Found a transporter.
 26356 | Swamp:1  | Found a transporter.
 27036 | Swamp:1  | Identified the amulet "Icag" {Reflect rF+ rC++ SH+5 Stlth+}
 27040 | Swamp:1  | Identified the +0 cloak of the Swan {Drain rC- Will+++
                  | rCorr}
 27212 | Swamp:2  | You are sucked into a shaft and drop 1 floor!
 27212 | Swamp:3  | Noticed a thorn hunter
 27213 | Swamp:3  | Noticed a fenstrider witch
 27231 | Swamp:3  | Killed a fenstrider witch
 27244 | Swamp:3  | Killed a thorn hunter
 27253 | Swamp:3  | Identified the +3 morningstar "Voriepp" {protect, rC+ Will+
                  | Int+2}
 27632 | Swamp:2  | Noticed a thorn hunter
 27640 | Swamp:2  | Killed a thorn hunter
 28055 | Swamp:2  | Reached XP level 17. HP: 79/79 MP: 24/33
 28387 | Swamp:2  | Identified the +0 leather armour of Ritsunoq {rPois}
 28904 | Swamp:3  | Identified the +6 dire flail of Ediuvayt {heavy, +Blink
                  | rF++ rC+ Stlth-}
 29131 | Swamp:4  | Entered Level 4 of the Swamp
 29308 | Swamp:4  | Reached skill level 5 in Fighting
 31426 | Swamp:4  | Found a blossoming altar of Fedhas.
 31583 | Swamp:4  | Got a decaying rune of Zot
 31606 | Swamp:4  | Found a basalt altar of Yredelemnul.
 31801 | Spider:1 | Entered Level 1 of the Spider Nest
 32446 | Spider:1 | Reached XP level 18. HP: 90/90 MP: 33/35
 33764 | Spider:3 | Found a runed translucent door.
 33764 | Spider:3 | Noticed Apeir's ghost (adept MfFi)
 34080 | Spider:3 | Noticed Arachne
 34097 | Spider:3 | Killed Arachne
 35235 | Spider:3 | Killed Apeir's ghost
 35300 | Spider:4 | Entered Level 4 of the Spider Nest
 36642 | Spider:4 | Got a gossamer rune of Zot
 36945 | Elf:1    | Entered Level 1 of the Elven Halls
 37425 | Elf:1    | Reached XP level 19. HP: 94/94 MP: 15/37
 38213 | Elf:2    | Found Gosifuri's Assorted Antiques.
 38234 | Elf:2    | Paralysed by an air elemental for 1 turns
 38239 | Elf:2    | Paralysed by an air elemental for 1 turns
 38242 | Elf:2    | Noticed a Brimstone Fiend
 39333 | Elf:2    | Noticed Jorgrun
 39398 | Elf:2    | Killed Jorgrun
 39570 | Elf:2    | Found Limpuroxua's Weapon Shop.
 39576 | Elf:2    | Found Beg Rovu's General Store.
 39593 | Elf:2    | Bought a scroll of blinking for 112 gold pieces
 39593 | Elf:2    | Bought a scroll of teleportation for 45 gold pieces
 39593 | Elf:2    | Bought a potion of curing for 45 gold pieces
 39593 | Elf:2    | Bought a wand of light (4) for 252 gold pieces
 39712 | Elf:2    | Got the Enchiridion on Sandy Evil
 39715 | Elf:2    | Found Ciemek's Weapon Shoppe.
 39788 | Elf:2    | Found a huge runed translucent gate.
 39788 | Elf:2    | Found a huge runed translucent gate.
 39788 | Elf:2    | Found a huge runed translucent gate.
 39788 | Elf:2    | Found a huge runed translucent gate.
 39789 | Elf:2    | Found a huge runed translucent gate.
 40902 | Elf:3    | Entered Level 3 of the Elven Halls
 41585 | Elf:3    | Found Nacorim's General Store.
 41658 | Elf:3    | Found Erinul's Assorted Antiques.
 41666 | Elf:3    | Bought a potion of heal wounds for 170 gold pieces
 41790 | Elf:3    | Found Gepliul's Antique Armour Shop.
 41795 | Elf:3    | Bought an ichor-stained leather armour for 238 gold pieces
 41795 | Elf:3    | Identified the +1 leather armour "Mobaluce" {rPois} (You
                  | bought it in a shop on level 3 of the Elven Halls)
 41895 | Elf:3    | Reached skill level 5 in Staves
 41914 | Elf:3    | Reached XP level 20. HP: 102/102 MP: 37/39
 42437 | Elf:3    | Found Fuolell's Antique Armour Shoppe.
 42509 | Elf:3    | Reached skill level 10 in Dodging
 42705 | Elf:3    | Identified the ring of Pianug {Fly rN+}
 42707 | Elf:3    | Identified the +1 war axe "Concordance" {speed, rCorr}
 42766 | Elf:3    | Identified the +9 quarterstaff "Nudoych" {freeze, rElec
                  | Int+5 Stlth-}
 42953 | Elf:3    | Identified the ring "Ruggaom" {Ice Int+3}
 42954 | Elf:3    | Found the +3 pair of seven-league boots {Rampage+∞}
 42956 | Elf:3    | Identified the ring of the Tempest {rC- Will+ Int+3 Stlth+}
 43007 | Elf:3    | Got Meumif's Catalogue of Peregrination
 43056 | Elf:3    | Identified the staff of earth "Penih" {rF- Int+4 SInv}
 43068 | Elf:3    | Identified the +1 helmet of the Kettle-Drum {Will+ Int+5
                  | Dex-5 Stlth+}
 43080 | Elf:3    | Identified the staff of poison "Tuzxugirph" {rPois MP+9}
 43083 | Elf:3    | Identified the ring of Democracy {Fly Int+3}
 43088 | Elf:3    | Identified the +1 flail of the Head {flame, *Corrode Will+
                  | Str+6 Int-4}
 43245 | Elf:1    | Identified the +1 leather armour of Suifufor {Int+5 Slay+3}
 43299 | Elf:1    | Learned a level 5 spell: Arcjolt
 43303 | Elf:1    | Learned a level 3 spell: Vhi's Electric Charge
 43309 | Elf:1    | Learned a level 5 spell: Plasma Beam
 43318 | Elf:1    | Learned a level 8 spell: Maxwell's Capacitive Coupling
 43498 | Vaults:1 | Entered Level 1 of the Vaults
 43516 | Vaults:1 | Reached skill level 1 in Fire Magic
 44842 | Vaults:1 | Reached XP level 21. HP: 108/108 MP: 23/40
 45228 | Vaults:1 | Found the +9 sword of Zonguldrok {reap}
 45382 | Vaults:1 | Identified the +1 great mace of Valiance {flame, rF+ Dex+2}
 45597 | Vaults:1 | Identified the +2 hand axe "Xirin" {freeze, rN++ Str+3}
 45972 | Vaults:2 | You are sucked into a shaft and drop 1 floor!
 46039 | Vaults:3 | Reached skill level 5 in Fire Magic
 46162 | Vaults:3 | Found a crumbling gateway.
 46264 | Desolati | Entered the Desolation of Salt
 46945 | Desolati | Identified the +5 rapier "Hyziq" {flame, Dex+4}
 46959 | Desolati | Identified the +5 shortbow of World Downfall {freeze, rF-
                  | rN++ Will++}
 47071 | Desolati | Identified the ring of the Archfiend {rCorr Int+6 Stlth-}
 47399 | Desolati | Got the Teachings on Production
 47414 | Desolati | Got the Monograph on Spectral Toxicity
 47478 | Desolati | Got the Meditations on the Burning Storm
 47482 | Desolati | Got the Handbook of Displacement
 47500 | Desolati | Identified the ring of the Kangaroo {Ice Contam rPois
                  | Will++ Int+3}
 47531 | Desolati | Identified the +5 quarterstaff "Honimym" {freeze, Will++
                  | Str-2}
 48193 | Vaults:2 | Found a staircase to the Crypt.
 48198 | Vaults:2 | Reached XP level 22. HP: 104/112 MP: 32/41
 48591 | Vaults:2 | Reached skill level 27 in Air Magic
 48682 | Vaults:2 | Found a transporter.
 48694 | Vaults:2 | Found a transporter.
 49345 | Vaults:2 | Identified the +1 rapier of Incongruity {heavy, rElec
                  | rPois}
 49362 | Vaults:2 | Identified the +1 demon blade of Vionn {venom, Str+2 Int+4
                  | Dex+2}
 49862 | Vaults:3 | Noticed Saint Roka
 49872 | Vaults:3 | Killed Saint Roka
 50074 | Vaults:3 | Reached skill level 10 in Fighting
 50783 | Vaults:4 | Reached skill level 27 in Conjurations
 50959 | Vaults:4 | Found a transporter.
 51290 | Vaults:4 | Reached skill level 10 in Staves
 51442 | Vaults:4 | Found a transporter.
 51494 | Vaults:4 | Identified the amulet "Roemes" {Acrobat Harm Dex+4 SInv}
 51534 | Vaults:4 | Identified the +3 trident of the Past {venom, rElec rPois
                  | Will++ Str-2}
 51534 | Vaults:4 | Identified the ring "Ucag" {*Corrode rC+ rN+++ Will- Int+5}
 51672 | Vaults:5 | Entered Level 5 of the Vaults
 51677 | Vaults:5 | Reached XP level 23. HP: 79/121 MP: 42/42
 51686 | Vaults:5 | Noticed Sojobo
 51697 | Vaults:5 | Killed Sojobo
 51962 | Vaults:5 | Noticed a golden dragon
 52040 | Vaults:5 | Killed from afar by a titan

Illustrated notes

Levels and vault maps discovered:
D:1:      eino_arrival_cavern_e, layout_loops_ring,
          ebering_ecumenical_altar_ruins, hex_medium, item_on_display_a
D:2:      layout_basic, minmay_crystal_water, grunt_decor_cap, st_stairs_13,
          uniq_jessica, uniq_natasha, uniq_robin
D:3:      layout_loops_ring, ebering_ghost_disaster_area,
          hangedman_decor_growths, minmay_misc_feat_rows,
          minmay_misc_feat_four_crosses
D:4:      layout_basic, nicolae_nh_ransacked_shop, uniq_crazy_yiuf_cottage
D:5:      corexii_shack_village, layout_loops_corners, uniq_ijyb
D:6:      layout_loops_ring, nicolae_overflow_hidden_temple,
          minmay_temple_entry_wispy, portal_sewer_entry_d, uniq_duvessa
D:7:      layout_basic
D:8:      layout_loops_cross, serial_ice, serial_ice_a, serial_ice_j,
          serial_ice_m, serial_ice_g, serial_ice_c, serial_ice_o
D:9:      layout_small_grid
D:10:     layout_loops_corners, special_room [special_room_orc]
D:11:     layout_basic, dpeg_lair_monsters, orc_0_dummy
D:12:     layout_long_grid, item_on_display_a
D:13:     minmay_triangles_in_corner, layout_grid_maze, uniq_nessos, uniq_snorg,
          uniq_erolcha
D:14:     layout_loops_ring, david_vaults_3, kennysheep_pointless_box,
          serial_co_window_serial, co_window_paths_b, co_window_corner_a,
          co_window_of_opportunity_a, co_window_paths_a, co_window_corner_a,
          co_window_corner_b, co_window_unsneaky_path_c, co_window_cross_4,
          co_window_of_opportunity_b, co_window_broadway_a,
          co_window_unsneaky_path_c, co_window_4corner_a, glass_columns_a,
          minmay_misc_feat_tiny
D:15:     gammafunk_depths_entry_grave, layout_basic, serial_rivers,
          chequers_serial_rivers_small_3, chequers_serial_rivers_micro_a,
          chequers_serial_rivers_marsh, chequers_serial_rivers_room_a,
          chequers_serial_rivers_large_b, serial_park_tiny_pond
Temple:   hellmonk_temple_divided_pantheon
Lair:1:   layout_long_grid, nicolae_lair_liquid_snakes, grunt_megastairs_2
Lair:2:   layout_regular_city, hellmonk_spider_entry_not_the_bees
Lair:3:   layout_hall_layers, minmay_swamp_entry_eels,
          nicolae_volcano_entry_two_sided, minmay_hedge_maze, grunt_megastairs_4
Lair:4:   layout_gridlike, minmay_slime_entry_pillars,
          pdpol_lair_cavern_descent, uniq_kirke
Lair:5:   guppyfry_lair_end_dragon, layout_hall_layers,
          hangedman_lair_caniforms_friends, ebering_ghost_reflecting_pool,
          serial_bayou_lagoon_a, dpeg_oklob_1, infiniplex_staircase_pool,
          lemuel_fruit_tree
Swamp:1:  gammafunk_worm_tunnel, layout_basic_swamp,
          portal_ice_cave_entry_pillars_three, nicolae_swamp_big_swirl
Swamp:2:  layout_basic_swamp, evilmike_swamp_ruin_house_3
Swamp:3:  nicolae_swamp_ascending_descending, layout_falls_marsh,
          evilmike_swamp_ruin_house_2
Swamp:4:  byrel_swamp_growth_death_and_undeath, layout_basic_swamp
Spider:1: layout_spider_delve, nicolae_spider_webs_and_nodes
Spider:2: layout_spider_delve
Spider:3: layout_spider_delve, hellmonk_ghost_happy_afterlife, uniq_arachne
Spider:4: grunt_spider_rune_island
Orc:1:    layout_diamond_mine, serial_shops, nicolae_shop_waterfront,
          bloody_makhleb
Orc:2:    hellmonk_orc_salted, layout_caves, serial_shops,
          nicolae_shop_advertising_works [nicolae_subvault_shop_adworks], shop,
          shop, nicolae_shop_trees, basic_altar, uniq_josephine
Elf:1:    nicolae_elf_arrival_fired_up, layout_geoelf_octagon,
          kennysheep_underground_church
Elf:2:    elven_hall_of_blades_hangedman_alternative [nicolae_blade_lattice],
          layout_loops_ring, serial_shops,
          nicolae_shop_competitors_out_of_business, shop_statue, shop,
          nicolae_stop_n_shop_1, feat_on_display, uniq_jorgrun
Elf:3:    minmay_elf_hall_circle, layout_onion_city, serial_shops, shop,
          nicolae_diamond_shop, nicolae_shop_crystal, nicolae_shop_waterfront
Vaults:1: nicolae_vaults_arrows, v_misc_8, hangedman_vaults_variations,
          v_misc_5, nicolae_vaults_windows_and_doors_thing, v_misc_14,
          v_rooms_6, vaults_standard_mumra_x, ontoclasm_vaults_idyll,
          v_alt_pattern_3, vaults_room_hangedman_quadrants,
          ontoclasm_vaults_decontamination, layout_vaults_big_room
Vaults:2: v_misc_10, v_misc_13, gammafunk_sealed_arena, v_pattern_5,
          nicolae_vaults_specimen_jars, minmay_crypt_entry_simple_round,
          nicolae_vaults_rhombus_6, nicolae_vaults_network_square,
          vaults_room_pools, layout_vaults_omnigrid
Vaults:3: portal_desolation_entry_garden, grunt_vaults_hallway_long, v_misc_3,
          hangedman_vaults_corner_blocks, ontoclasm_vaults_gateway, v_misc_31,
          special_room_vaults [special_room_orc],
          nicolae_vaults_ring_of_whatevers, ontoclasm_vaults_spin,
          vaults_dpeg_ring, vaults_room_fours, nicolae_vaults_theta,
          layout_vaults_ring, uniq_saint_roka
Vaults:4: gammafunk_its_a_trap, ontoclasm_vaults_eye, hangedman_vaults_nails,
          vaults_room_hallway, nicolae_vaults_little_squares_6,
          nicolae_vaults_circle_grid_a, hangedman_vaults_pinch,
          ontoclasm_vaults_fault, hangedman_vaults_nodes, vaults_room_grid,
          grunt_vaults_funnel, vaults_mumra_lcd, layout_vaults_omnibox
Vaults:5: uniq_sojobo, uniq_bai_suzhen

Skill      XL: |  1  2  3  4  5  6  7  8  9 10 11 12 13 14 15 16 17 18 19 20 21 22 23 |
---------------+----------------------------------------------------------------------+-----
Conjurations   | 2 3 4 5 10 12 13 15 16 17 19 20 22 24 26 27 | 27.0
Air Magic      | 5 7 11 12 14 15 17 18 19 20 21 23 25 26 27 | 27.0
Spellcasting   | 3 4 7 9 10 11 12 13 14 | 14.9
Dodging        | 6 7 8 9 10 | 10.6
Fighting       | 2 3 4 7 8 9 11 | 11.2
Shields        | 2 3 6 8 9 11 12 13 | 13.4
Armour         | 2 3 5 6 |  6.4
Invocations    | 1 3 4 5 6 |  6.0
Evocations     | 1 3 4 |  4.0
Stealth        | 4 |  4.0
Staves         | 3 4 5 6 10 11 | 11.3
Fire Magic     | 4 5 |  5.0

Action                     |  1- 3 |  4- 6 |  7- 9 | 10-12 | 13-15 | 16-18 | 19-21 | 22-24 || total
---------------------------+-------+-------+-------+-------+-------+-------+-------+-------++-------
  Melee: Short sword       |       |     5 |       |       |       |       |       |       ||     5
         Whip              |       |       |    16 |    13 |       |       |       |       ||    29
         Kick              |       |       |     6 |     8 |    13 |    71 |    99 |    77 ||   274
         Peck              |       |       |     4 |     6 |    12 |    43 |    67 |    76 ||   208
         Mace              |       |       |       |     8 |    16 |       |       |       ||    24
         Staff             |       |       |       |       |    40 |   179 |   222 |   159 ||   600
   Cast: Shock             |    58 |   108 |   118 |   270 |   408 |   557 |   282 |    48 ||  1849
         Static Discharge  |       |     6 |    26 |    34 |    29 |    19 |     2 |       ||   116
         Airstrike         |       |       |    11 |   106 |   308 |   242 |   245 |    16 ||   928
         Iskenderun's Batt |       |       |       |     4 |    81 |   121 |    96 |    19 ||   321
         Orb of Destructio |       |       |       |       |     1 |    67 |    27 |     9 ||   104
         Plasma Beam       |       |       |       |       |       |       |    39 |    26 ||    65
         Arcjolt           |       |       |       |       |       |       |    44 |    43 ||    87
         Maxwell's Capacit |       |       |       |       |       |       |     6 |     6 ||    12
         Vhi's Electric Ch |       |       |       |       |       |       |     7 |     6 ||    13
         Conjure Ball Ligh |       |       |       |       |       |       |       |     2 ||     2
 Invoke: Ancestor Identity |       |       |     1 |       |       |       |       |       ||     1
         Recall Ancestor   |       |       |       |     8 |    12 |    10 |     7 |     7 ||    44
         Ancestor Life: Kn |       |       |       |     1 |       |       |       |       ||     1
         Transference      |       |       |       |       |     3 |    10 |     1 |       ||    14
         Idealise          |       |       |       |       |       |     3 |     2 |     1 ||     6
  Evoke: Wand              |       |       |     3 |    12 |     9 |     5 |       |       ||    29
         Box of beasts     |       |       |       |     1 |     2 |     2 |     4 |       ||     9
         Condenser vane    |       |       |       |       |     2 |     2 |     2 |       ||     6
         Lightning rod     |       |       |       |       |       |     2 |     4 |       ||     6
         Piece from Xom's  |       |       |       |       |       |     1 |       |       ||     1
         Tin of tremorston |       |       |       |       |       |       |     4 |     1 ||     5
         Phantom mirror    |       |       |       |       |       |       |       |     1 ||     1
    Use: Potion            |     1 |     4 |     1 |       |     1 |    18 |     5 |     9 ||    39
         Scroll            |       |     3 |     2 |     6 |    11 |    15 |     4 |     2 ||    43
   Stab: Paralysed         |       |       |     2 |       |       |       |       |       ||     2
         Sleeping          |       |       |     2 |       |     1 |     1 |     1 |     7 ||    12
         Distracted        |       |       |       |     2 |       |     9 |     3 |     2 ||    16
         Confused          |       |       |       |       |       |     1 |       |       ||     1
 Armour: Robe              |     1 |     2 |     9 |       |       |       |       |       ||    12
         Skin              |       |     8 |       |       |       |       |       |       ||     8
         Troll leather arm |       |       |     2 |    14 |    50 |   158 |    53 |    14 ||   291
  Dodge: Dodged            |     3 |    18 |    14 |    50 |   101 |   222 |    98 |    44 ||   550
  Block: Kite shield       |       |       |    12 |    28 |   123 |   370 |   210 |   104 ||   847
         Reflection        |       |       |       |       |       |    13 |    34 |    17 ||    64

Table legend: (Time is in decaauts)
 A = Elapsed time spent in this place.
 B = Non-inter-level travel time spent in this place.
 C = Inter-level travel time spent in this place.
 D = Time resting spent in this place.
 E = Time spent auto-exploring this place.
 F = Levels seen in this place.
 G = Mean time per level.
                   A        B        C        D        E       F      G
               +--------+--------+--------+--------+--------+-----+--------+
         Total |  49035 |  45931 |   3104 |  13301 |  13266 |  43 | 1140.3 |
       Dungeon |  14587 |  13350 |   1237 |   1505 |   7304 |  15 |  972.5 |
        Temple |     55 |     55 |      0 |      0 |      0 |   1 |   55.0 |
          Lair |   7059 |   6659 |    400 |   2164 |   1539 |   5 | 1411.8 |
         Swamp |   5161 |   4905 |    256 |   2489 |    673 |   4 | 1290.2 |
   Spider Nest |   4761 |   4556 |    205 |   1676 |    875 |   4 | 1190.2 |
  Orcish Mines |   2262 |   2004 |    258 |    455 |    497 |   2 | 1131.0 |
   Elven Halls |   6071 |   5903 |    168 |   2609 |    353 |   3 | 2023.7 |
        Vaults |   6582 |   6005 |    577 |   1468 |   1849 |   5 | 1316.4 |
         Sewer |     91 |     91 |      0 |      0 |     17 |   1 |   91.0 |
      Ice Cave |    335 |    335 |      0 |    214 |      0 |   1 |  335.0 |
       Volcano |    681 |    681 |      0 |    252 |      0 |   1 |  681.0 |
    Desolation |   1384 |   1384 |      0 |    466 |    154 |   1 | 1384.0 |
               +--------+--------+--------+--------+--------+-----+--------+

Top non-repeatable levels by time:
  Lair:5: 2734 daAuts
Vaults:1: 2386 daAuts
 Swamp:4: 2379 daAuts
   Elf:2: 2172 daAuts
   Elf:3: 1995 daAuts
   Elf:1: 1903 daAuts
Spider:3: 1542 daAuts
    D:11: 1519 daAuts
    D:13: 1516 daAuts
Vaults:2: 1419 daAuts
Vaults:3: 1406 daAuts
    D:14: 1405 daAuts
Desolation: 1384 daAuts
Spider:4: 1350 daAuts
  Lair:1: 1321 daAuts
